Map: Ruby Rock LE

Players

Legioner

  • Race: Terran Terran
  • League: Diamond
  • Spawn Location: 11:00

HoldTheDoor - Winner!

  • Race: Protoss Protoss
  • League: Diamond
  • Spawn Location: 5:00

VOD

Have the link to the VOD?

Description

Time

  • Played on: May 25, 2026, 11:44 a.m.
  • Length: 17:01
Show
View Real Time Build Order
Export as new Build Order

Legioner Terran 

Build Orders:  

Get SALT Encoding   

  12  0:00  SCV  
  13  0:14  Supply Depot  
  13  0:18  SCV  
  14  0:29  Refinery  
  14  0:34  SCV  
  15  0:43  Barracks  
  15  0:47  SCV  
  16  0:59  SCV  
  17  1:11  SCV  
  18  1:31  Marine  
  19  1:41  Orbital Command  
  19  1:51  Command Center  
  19  2:02  Barracks Reactor  
  19  2:07  Factory  
  19  2:12  SCV  
  20  2:18  Supply Depot  
  20  2:26  Bunker  
  20  2:27  SCV  
  21  2:40  SCV, Marine, Refinery  
  21  2:42  Marine  
  24  2:52  SCV, Factory Tech Lab  
  25  3:03  Marine x2  
  27  3:11  SCV  
  28  3:13  Siege Tank  
  28  3:17  Starport  
  31  3:25  Orbital Command  
  31  3:35  Marine  
  31  3:36  Marine  
  31  3:37  Supply Depot  
  31  3:39  SCV  
  34  3:57  Medivac  
  34  3:59  Supply Depot  
  34  4:02  Barracks, SCV  
  37  4:04  SCV  
  38  4:15  Barracks  
  38  4:16  Marine x2  
  40  4:18  SCV  
  40  4:20  SCV  
  42  4:26  Refinery  
  42  4:27  Starport Reactor  
  42  4:33  Marine x2  
  42  4:34  SCV  
  42  4:35  SCV  
  46  4:39  Siege Tank  
  49  4:47  SCV  
  49  4:51  SCV  
  49  4:52  Marine x2  
  53  4:59  SCV  
  54  5:03  SCV  
  55  5:10  Command Center  
  55  5:13  SCV  
  56  5:15  Supply Depot, SCV  
  56  5:18  Barracks Tech Lab x2  
  57  5:23  Engineering Bay  
  58  5:28  SCV x2  
  58  5:29  Marine  
  58  5:30  Marine  
  58  5:34  Supply Depot  
  61  5:56  Marine x2  
  64  5:57  Marauder x2  
  66  6:09  SCV x2  
  68  6:12  Refinery  
  68  6:21  SCV  
  68  6:22  SCV  
  70  6:29  Siege Tank  
  70  6:30  Stimpack, Combat Shield  
  70  6:32  Medivac x2  
  77  6:33  Terran Infantry Weapons Level 1, SCV  
  77  6:34  SCV  
  77  6:36  Missile Turret  
  79  6:43  Supply Depot  
  79  6:46  Engineering Bay, SCV x2  
  81  6:47  Missile Turret  
  69  7:07  SCV x2  
  69  7:08  Marine x2  
  73  7:09  Marauder x2  
  73  7:10  Medivac x2  
  81  7:25  Marine  
  81  7:26  Marine, Terran Infantry Armor Level 1  
  81  7:29  Barracks  
  83  7:32  Barracks  
  83  7:40  Marine x2  
  85  7:49  SCV x2  
  87  8:01  SCV x2  
  87  8:02  Planetary Fortress, Supply Depot  
  87  8:03  Supply Depot  
  87  8:05  Marine x2  
  89  8:06  Marauder x2  
  89  8:07  Supply Depot, Siege Tank  
  89  8:09  Supply Depot  
  89  8:10  Refinery  
  98  8:13  SCV x2  
  98  8:17  Supply Depot  
  98  8:19  Supply Depot  
  100  8:23  Armory  
  100  8:25  Medivac x2, SCV x2  
  100  8:26  Barracks Tech Lab  
  106  8:27  Barracks Reactor  
  106  8:28  Marine x2  
  106  8:29  Marauder  
  106  8:30  Concussive Shells  
  110  8:37  Barracks  
  110  8:40  SCV x2, Barracks  
  112  8:41  SCV  
  112  8:46  Refinery, Marine  
  112  8:47  Marauder  
  116  8:52  SCV x2  
  118  9:04  Sensor Tower  
  118  9:10  Missile Turret  
  118  9:11  Missile Turret  
  118  9:12  SCV x2  
  118  9:13  Marine x2  
  118  9:14  Marine x4  
  118  9:16  Marauder  
  128  9:17  Sensor Tower  
  128  9:24  Ghost Academy  
  128  9:27  Terran Infantry Weapons Level 2, Ghost Academy  
  128  9:30  SCV x2  
  130  9:32  Marauder  
  130  9:33  Marauder, SCV  
  130  9:37  Marauder  
  137  9:39  Terran Infantry Armor Level 2  
  137  9:41  Terran Vehicle And Ship Armor Level 1  
  137  9:46  Barracks Tech Lab  
  137  9:47  Barracks Tech Lab  
  137  9:55  Ghost x2  
  141  10:00  Marine x3  
  141  10:01  Marine x2, Barracks  
  141  10:03  Barracks  
  146  10:10  Command Center  
  146  10:14  Marine x2, Supply Depot  
  146  10:16  Supply Depot  
  148  10:27  Marine  
  149  10:34  Ghost, Marine x2  
  149  10:35  Marauder x2  
  157  10:36  Marine x2  
  157  10:38  Supply Depot  
  157  10:39  Supply Depot  
  159  10:44  SCV  
  159  10:47  Marine  
  159  10:48  Ghost  
  163  10:54  Armory  
  163  10:59  Starport  
  163  11:02  Liberator x2  
  169  11:04  Fusion Core  
  169  11:06  SCV x2  
  171  11:38  SCV x3, Ghost x2  
  171  11:39  Ghost, Marine  
  180  11:40  Marine x3  
  180  11:41  Marine x2  
  180  11:45  Medivac x2  
  180  11:46  Terran Infantry Weapons Level 3  
  190  11:47  Terran Vehicle And Ship Armor Level 2  
  190  11:48  Terran Ship Weapons Level 1  
  190  11:50  Starport Reactor  
  190  11:53  Advanced Ballistics  
  190  11:57  Marine x2  
  192  12:03  Orbital Command  
  192  12:08  SCV  
  192  12:09  SCV x2  
  192  12:15  Command Center  
  195  12:36  Missile Turret  
  195  12:37  Supply Depot  
  195  12:38  Supply Depot, Sensor Tower  
  195  12:40  SCV  
  195  12:41  Supply Depot, SCV, Marine x3  
  195  12:42  Missile Turret  
  195  12:44  Refinery, Terran Infantry Armor Level 3, Missile Turret  
  200  12:48  Refinery  
  200  12:50  Personal Cloaking  
  200  12:51  Nuke  
  200  13:00  Sensor Tower  
  200  13:15  Command Center  
  200  13:18  Command Center  
  181  14:00  Marine x2  
  181  14:01  Marine x3  
  153  14:03  Viking  
  153  14:04  Viking x3  
  135  14:13  Terran Ship Weapons Level 2  
  135  14:14  Terran Vehicle And Ship Armor Level 3  
  135  14:15  Marine x3  
  135  14:16  Barracks Reactor  
  133  14:17  Barracks Reactor  
  133  14:23  Hi-Sec Auto Tracking  
  128  14:26  Missile Turret  
  128  14:28  Missile Turret  
  128  14:29  Missile Turret  
  128  14:31  Missile Turret  
  122  14:33  Viking  
  121  14:44  Marine x2  
  121  14:45  Marine x3  
  120  14:46  Marine x4  
  120  14:48  Viking x2  
  128  14:56  Missile Turret  
  128  15:00  Marine  
  128  15:01  Marine x3  
  128  15:02  Marine x2  
  128  15:03  Marine x2  
  135  15:07  Marine  
  135  15:08  Marine x2, Viking  
  135  15:09  Viking  
  142  15:21  Marine x3  
  142  15:22  Marine x7  
  142  15:24  Medivac x2  
  142  15:25  Marine x2  
  142  15:26  Marine  
  142  15:27  Nuke  
  142  15:28  Nuke  
  159  15:32  Command Center  
  159  15:38  Missile Turret, Viking  
  159  15:39  Viking, Marine x4, Missile Turret  
  159  15:40  Ghost x2, Marine x2  
  159  15:42  Missile Turret x2  
  173  15:43  Ghost  
  175  15:54  Viking x2  
  179  15:58  Ghost x2  
  179  15:59  Refinery, Marine  
  179  16:00  Marine x4  
  179  16:02  Missile Turret  
  179  16:04  Missile Turret  
  187  16:08  Ghost  
  97  16:36  Marine x9  
Show
View Real Time Build Order
Export as new Build Order

HoldTheDoor Protoss - Winner!

Build Orders: Carriers 

Get SALT Encoding   

  12  0:00  Probe  
  13  0:12  Probe  
  14  0:17  Pylon  
  14  0:23  Probe  
  15  0:32  Probe  
  15  0:38  Gateway  
  15  0:40  Probe  
  16  0:49  Assimilator  
  17  0:50  Probe  
  18  1:03  Probe  
  19  1:06  Pylon  
  19  1:15  Probe  
  20  1:27  Probe  
  21  1:33  Cybernetics Core  
  21  1:45  Nexus  
  21  1:48  Probe, Pylon  
  22  1:54  Assimilator  
  22  2:00  Probe, Adept  
  23  2:14  Probe  
  26  2:22  Warp Gate  
  26  2:26  Probe  
  27  2:34  Pylon  
  27  2:37  Sentry  
  27  2:41  Probe  
  30  2:53  Probe  
  30  2:54  Gateway  
  32  2:58  Probe  
  32  3:01  Robotics Facility  
  32  3:05  Pylon, Probe  
  32  3:10  Probe  
  32  3:11  Shield Battery  
  34  3:18  Probe  
  35  3:22  Probe  
  36  3:28  Stalker  
  36  3:30  Probe  
  39  3:34  Probe  
  39  3:37  Gateway  
  40  3:41  Gateway  
  40  3:42  Probe  
  40  3:47  Probe  
  42  3:54  Probe  
  43  3:59  Probe, Stargate  
  43  4:01  Immortal  
  48  4:07  Probe  
  49  4:14  Shield Battery  
  49  4:15  Probe  
  49  4:16  Pylon  
  50  4:18  Assimilator  
  50  4:19  Probe  
  50  4:23  Twilight Council  
  51  4:27  Probe  
  51  4:30  Zealot  
  54  4:31  Probe  
  54  4:34  Stalker  
  57  4:39  Probe  
  57  4:40  Observer  
  59  4:50  Phoenix  
  59  4:52  Zealot x3  
  63  4:54  Charge  
  63  4:56  Assimilator  
  67  5:07  Zealot  
  67  5:14  Pylon  
  69  5:16  Probe  
  69  5:17  Pylon x2  
  70  5:25  Pylon  
  70  5:29  Forge  
  70  5:32  Probe x2  
  70  5:33  Sentry  
  70  5:34  Zealot x2  
  70  5:35  Zealot  
  76  5:59  Phoenix  
  78  6:09  Probe  
  79  6:12  Photon Cannon  
  79  6:17  Pylon  
  79  6:19  Photon Cannon  
  79  6:21  Immortal  
  79  6:27  Stalker x4  
  91  6:37  Robotics Bay  
  91  6:42  Pylon  
  91  7:08  Stalker x4  
  99  7:18  Phoenix  
  99  7:19  Nexus  
  99  7:21  Pylon  
  101  7:27  Fleet Beacon  
  101  7:35  Photon Cannon  
  101  7:37  Probe  
  101  7:38  Probe  
  103  7:48  Colossus  
  109  7:51  Phoenix  
  109  7:56  Zealot  
  109  7:57  Zealot  
  115  8:00  Sentry  
  115  8:03  Zealot  
  115  8:04  Probe  
  115  8:05  Probe  
  121  8:14  Pylon  
  121  8:18  Templar Archives  
  121  8:20  Probe x2  
  123  8:32  Zealot x4  
  131  8:37  Pylon  
  131  8:39  Shield Battery  
  131  8:41  Shield Battery  
  131  8:47  Photon Cannon  
  131  8:56  Colossus  
  131  8:58  Carrier  
  143  9:13  Extended Thermal Lance  
  143  9:23  Gateway  
  143  9:24  Gateway  
  143  9:26  Pylon  
  143  9:30  Pylon, Probe  
  144  9:34  Assimilator  
  144  9:37  Probe x2  
  146  9:42  Probe  
  146  9:43  Protoss Ground Armor Level 1, High Templar  
  146  9:44  High Templar  
  151  9:46  Zealot  
  151  9:47  Zealot  
  155  10:01  Probe  
  155  10:06  Assimilator  
  156  10:07  Pylon  
  156  10:11  Carrier  
  162  10:26  High Templar  
  164  10:28  Zealot x2  
  164  10:29  Zealot x3  
  164  10:34  Pylon  
  174  10:38  Gateway  
  174  10:40  Gateway  
  174  10:52  Probe  
  174  10:53  Probe  
  174  10:54  Stargate  
  176  10:57  Stargate  
  176  10:58  Pylon  
  176  10:59  Psionic Storm  
  176  11:27  Photon Cannon  
  176  11:29  Photon Cannon, Pylon  
  176  11:30  Photon Cannon  
  176  11:31  Pylon  
  176  11:33  Probe x3, Shield Battery  
  176  11:34  Shield Battery  
  176  11:35  Shield Battery  
  179  11:43  Nexus  
  179  11:45  Probe  
  180  11:48  Pylon  
  180  11:56  Protoss Ground Weapons Level 1  
  172  12:07  Carrier x2  
  172  12:08  Protoss Air Weapons Level 1  
  184  12:09  Anion Pulse-Crystals  
  184  12:15  Carrier  
  190  12:39  Probe  
  190  12:40  Pylon  
  191  12:51  Photon Cannon  
  191  12:53  Photon Cannon  
  191  12:54  Pylon  
  191  12:58  Pylon  
  191  13:04  Observer  
  192  13:11  Carrier  
  198  13:16  Cybernetics Core  
  198  13:18  Pylon, Zealot  
  200  13:22  Pylon  
  200  13:23  Assimilator  
  200  13:27  Assimilator  
  200  13:30  Pylon  
  200  13:32  Pylon  
  200  13:35  Pylon  
  200  13:38  Forge  
  200  13:40  Pylon  
  200  13:42  Gateway  
  200  13:45  Gateway  
  198  13:49  Gateway  
  198  13:52  Gateway  
  150  14:05  Zealot x7  
  150  14:06  Zealot  
  142  14:26  Photon Cannon  
  142  14:27  Photon Cannon  
  142  14:29  Pylon  
  140  14:32  Photon Cannon  
  135  14:45  Immortal  
  139  14:47  Tempest x2  
  139  14:48  Tempest  
  139  14:51  Stalker  
  153  14:56  High Templar x3  
  153  14:57  High Templar x2  
  153  14:58  High Templar  
  153  14:59  High Templar  
  167  15:06  Archon x3  
  167  15:13  Assimilator  
  167  15:22  High Templar x2  
  167  15:23  High Templar x3, Nexus  
  167  15:24  Pylon  
  167  15:27  Archon  
  177  15:38  Tempest  
  177  15:39  Tempest  
  177  15:41  Tempest  
  189  15:46  Zealot x2  
  189  15:48  Zealot  
  152  16:57  Stalker x9  
Tags
 
Composition
Carriers
Matchup
PvT
Replay Pack
SC2Mai2026
Spawn Locations
Cross Positions
Add a new tag
Caveats
  • Supply blocks, unpowered buildings, or Contaminate may cause inaccurate times.
  • Supply counts are checked every 10 seconds.